 Dungeon Crawl Stone Soup version 0.29.1-1-gd02db6906a (webtiles) character file.

Game seed: 9979611807644645142

562 Pooter the Caller (level 7, 0/31 HPs)
             Began as a Felid Summoner on Oct 22, 2022.
             Was an Initiate of Gozag.
             Succumbed to a water moccasin's poison
             ... on level 6 of the Dungeon.
             The game lasted 01:04:42 (7865 turns).

Pooter the Caller (Felid Summoner)                  Turns: 7865, Time: 01:04:42

Health: 0/31       AC: 10    Str:  1 (4)  XL:     7   Next: 10%
Magic:  15/15      EV: 19    Int: 18 (19) God:    Gozag
Gold:   545        SH:  0    Dex: 15 (16) Spells: 2/16 levels left
                                        Lives:  0   Deaths: 2

rFire   . . .      SeeInvis +   (weapon unavailable)
rCold   . . .      Faith    .   (shield unavailable)
rNeg    . . .      Spirit   .   (body armour unavailable)
rPois   .          Reflect  .   (helmet unavailable)
rElec   .          Harm     .   (cloak unavailable)
rCorr   .          Rampage  .   (gloves unavailable)
Will    +....                   (boots unavailable)
Stlth   ++........              (no amulet)
HPRegen 0.10/turn               b - +4 ring of protection
MPRegen 0.14/turn               t - +4 ring of protection

@: lethally poisoned (0 -> -11), gold aura, invisible, quick
A: very small, claws 1, fangs 3, see invisible, speed 1, shaggy fur 2, stealthy
paws, no weapons or thrown items, no armour, multi-lived
a: Renounce Religion, Potion Petition, Call Merchant, Bribe Branch


You were on level 6 of the Dungeon.
You worshipped Gozag.
Gozag was pleased with you.
You visited 1 branch of the dungeon, and saw 6 of its levels.

You collected 571 gold pieces.
You paid 26 gold pieces to Gozag.

Inventory:

Jewellery
 b - a +4 ring of protection (left paw)
   (You found it on level 1 of the Dungeon)
 t - a +4 ring of protection (right paw)
   (You found it on level 6 of the Dungeon)
Scrolls
 h - 2 scrolls of immolation {!r}
 l - 2 scrolls of poison {!r}
 m - 3 scrolls of magic mapping
 n - a scroll of silence
 p - 3 scrolls of teleportation {unknown}
 q - a scroll of summoning {unknown}
 r - a scroll of blinking {unknown}
Potions
 a - a potion of magic
 c - 2 potions of mutation {!q}
 d - 2 potions of berserk rage
 e - a potion of flight
 f - 4 potions of haste {@q3}
 g - 3 potions of attraction {!q}
 o - a potion of cancellation
 s - a potion of heal wounds {unknown}


   Skills:
 + Level 3.9 Fighting
 + Level 6.0 Dodging
 - Level 2.6 Stealth
 + Level 5.3 Spellcasting
 - Level 5.0 Hexes
 + Level 6.2 Summonings
 + Level 3.2 Translocations
 + Level 2.9 Air Magic


You had 2 spell levels left.
You knew the following spells:

 Your Spells              Type           Power      Damage    Failure   Level
a - Summon Small Mammal   Summ           100%       N/A       1%          1
b - Call Imp              Summ           27%        N/A       1%          2
c - Call Canine Familiar  Summ           27%        N/A       3%          3
d - Summon Guardian Gole  Hex/Summ       25%        N/A       3%          3
e - Apportation           Tloc           32%        N/A       3%          1
z - Summon Lightning Spi  Summ/Air       21%        N/A       21%         4

Your spell library contained the following spells:

 Spells                   Type           Power      Damage    Failure   Level
 Anguish                  Hex/Necr       6%         N/A       43%         4
 Alistair's Intoxication  Tmut/Pois      2%         N/A       98%         5
 Blade Hands              Tmut           2%         N/A       98%         5
 Iron Shot                Conj/Erth      2%         9d2       100%        6
 Enfeeble                 Hex            11%        N/A       100%        7
 Animate Armour           Summ/Erth      Unusable   N/A       N/A         4

Dungeon Overview and Level Annotations

Branches:
Dungeon (6/15)             Temple (0/1) D:5

Altars:
Gozag
Kikubaaqudgha
Ru
Zin

Shops:
D:3 *   D:5 [


Innate Abilities, Weirdness & Mutations

You have sharp claws.
You have razor-sharp teeth.
You have supernaturally acute eyesight. (SInv)
You cover ground quickly. (Speed+)
You are covered in thick fur. (AC +2)
Your paws help you pounce on unaware monsters.
You are incapable of wielding weapons or throwing items.
You cannot wear armour.
You gain extra lives every three experience levels.


Message History

The water moccasin bites you.
You miss the water moccasin. Your bite misses the water moccasin.
The water moccasin bites you but does no damage.
You closely miss the water moccasin. Your claw misses the water moccasin.
The water moccasin closely misses you. The water moccasin barely misses you.
You scratch the water moccasin.
The water moccasin bites you but does no damage.
You completely miss the water moccasin.
The water moccasin bites you but does no damage.
The water moccasin completely misses you.
You barely miss the water moccasin. The water moccasin closely misses you.
You barely miss the water moccasin. The water moccasin closely misses you.
You scratch the water moccasin. The water moccasin closely misses you.
The water moccasin completely misses you.
You closely miss the water moccasin. The water moccasin barely misses you.
You barely miss the water moccasin.
The water moccasin completely misses you.
The water moccasin barely misses you.
You scratch the water moccasin but do no damage.
The water moccasin bites you.
You are poisoned.
The water moccasin poisons you!
You scratch the water moccasin.
You feel very sick. The water moccasin bites you.
* * * LOW HITPOINT WARNING * * *
You are lethally poisoned!
The water moccasin poisons you!
Unknown command.
You scratch the water moccasin. You bite the water moccasin.
* * * LOW HITPOINT WARNING * * *
You feel very sick. The water moccasin barely misses you.
The water moccasin misses you.
Unknown command.
You scratch the water moccasin. You bite the water moccasin.
You kill the water moccasin!
* * * LOW HITPOINT WARNING * * *
You feel very sick.
Your Dodging skill increases to level 6!
Welcome back to level 7!
It was a potion of degeneration.
There was something very wrong with that liquid.
You feel weakened.
You feel dopey.
You feel clumsy.
* * * LOW HITPOINT WARNING * * *
You feel very sick.
Unknown command.
It was a potion of invisibility.
You fade into invisibility!
You die...
Your body crumbles into a pile of gold.

######### ........#
#.######.# #### #.
#...#.# #...
#.##.#.#.# #...
..#.#.#.# #...
#>#.#.#.############
###...
#.#...#......@.....#
#.....
#...........$#####.#
#.#...
#..##.###......# #.#
#.####
####..#...........#
#.# ####.##
......#..###......#
#.# #.....#
#####.#...........#
#.# #....<#
#.)...#.......#
#<###.....#
###.#..>..#.###
#.........#
####.#######.#
###########


There were no monsters in sight!

Vanquished Creatures
  Prince Ribbit (D:5)
  Edmund (D:5)
  A water moccasin (D:6)
  2 adders
  A giant cockroach (D:1)
  A quokka (D:1)
  3 bats
10 creatures vanquished.

Vanquished Creatures (collateral kills)
  A centaur (D:4)
  2 phantoms (D:5)
  3 scorpions
  Dowan (D:5)
  A hound (D:6)
  3 jellies
  Terence (D:2)
  An iguana (D:4)
  4 adders
  3 gnolls (D:6)
  A nameless horror (D:2)
  A shadow imp (D:4)
  2 ufetubi (D:4)
  A worm (D:2)
  5 dart slugs
  3 orcs
  7 endoplasms
  6 giant cockroaches
  9 goblins
  11 hobgoblins
  4 jackals (D:4)
  3 quokkas
  9 ball pythons
  5 bats
  4 frilled lizards
  9 kobolds
  5 rats
105 creatures vanquished.

Vanquished Creatures (others)
  A steam dragon (D:6)
  Duvessa (D:5)
  An ice beast (D:6)
  A gnoll bouda (D:6)
  A gnoll (D:6)
5 creatures vanquished.

Grand Total: 120 creatures vanquished

Notes
Turn   | Place    | Note
-------+----------+-------------------------------------------
     0 | D:1      | Pooter the Felid Summoner began the quest for the Orb.
     0 | D:1      | Reached XP level 1. HP: 7/7 MP: 4/4
   292 | D:1      | Reached XP level 2. HP: 5/11 MP: 4/6
   312 | D:1      | Learned a level 2 spell: Call Imp
  1020 | D:1      | Reached XP level 3. HP: 14/14 MP: 6/8
  1035 | D:1      | Learned a level 3 spell: Call Canine Familiar
  1749 | D:2      | Reached XP level 4. HP: 18/18 MP: 5/10
  1792 | D:2      | Learned a level 3 spell: Summon Guardian Golem
  2304 | D:2      | Found a faded altar of an unknown god.
  2375 | D:2      | Noticed Terence
  2703 | D:2      | Killed Terence
  2704 | D:2      | Reached skill level 1 in Hexes
  3357 | D:3      | Found an opulent altar of Gozag.
  3361 | D:3      | Found Gozag's Platinum Reserve.
  3367 | D:3      | Became a worshipper of Gozag Ym Sagoz the Greedy
  3660 | D:3      | Reached skill level 1 in Fighting
  3999 | D:4      | Reached XP level 5. HP: 22/22 MP: 11/11
  4064 | D:4      | Noticed a centaur
  4074 | D:4      | Killed a centaur
  4142 | D:4      | Reached skill level 5 in Summonings
  4271 | D:4      | Gained mutation: You are covered in thick fur. (AC +2)
                  | [Felid growth]
  4271 | D:4      | Reached XP level 6. HP: 12/26 MP: 6/13
  5310 | D:4      | Found a sacrificial altar of Ru.
  5428 | D:4      | Learned a level 4 spell: Summon Lightning Spire
  5442 | D:5      | Entered Level 5 of the Dungeon
  5538 | D:5      | Noticed Prince Ribbit
  5556 | D:5      | Killed Prince Ribbit
  5557 | D:5      | Reached skill level 1 in Air Magic
  5557 | D:5      | Reached XP level 7. HP: 27/30 MP: 5/14
  5639 | D:5      | Noticed Edmund
  5650 | D:5      | Killed Edmund
  5925 | D:5      | Found Mynues's Armour Shop.
  6025 | D:5      | Found a staircase to the Ecumenical Temple.
  6029 | D:5      | Noticed Duvessa
  6031 | D:5      | Noticed Dowan
  6044 | D:5      | Killed Duvessa
  6095 | D:5      | Reached skill level 5 in Dodging
  6101 | D:5      | Killed Dowan
  6377 | D:5      | Learned a level 1 spell: Apportation
  6536 | D:5      | Reached skill level 1 in Translocations
  6536 | D:5      | Reached XP level 8. HP: 34/34 MP: 11/16
  6794 | D:6      | Reached skill level 5 in Spellcasting
  6882 | D:6      | Reached skill level 5 in Hexes
  6951 | D:6      | Killed from afar by a steam dragon
  6952 | D:6      | Reached XP level 7. HP: -3/31 MP: 11/15
  7158 | D:6      | Found a glowing silver altar of Zin.
  7256 | D:6      | Killed a steam dragon
  7563 | D:6      | Found an ancient bone altar of Kikubaaqudgha.
  7806 | D:6      | HP: 1/31 [water moccasin (5)]
  7807 | D:6      | Succumbed to a water moccasin's poison
  7808 | D:6      | Reached XP level 6. HP: -2/28 MP: 14/14
  7863 | D:6      | Killed a water moccasin
  7864 | D:6      | Reached XP level 7. HP: 6/31 MP: 15/15
  7865 | D:6      | Succumbed to a water moccasin's poison

Illustrated notes

Levels and vault maps discovered:
D:1:      minmay_arrival_five_plusses, layout_loops_ring
D:2:      minmay_chambers_of_ones, layout_loops_corners,
          shapermc_ecumenical_altar_notcrosses, chequers_mini_garden,
          uniq_terence
D:3:      layout_loops_ring, nicolae_gozag_zags_fifth_avenue, chequers_garden
D:4:      layout_basic, marbit_many_paths, chequers_serial_rivers_small_a,
          nicolae_elevator_lobby_asterisk
D:5:      layout_layer_cave, minmay_temple_entry_stoned_glass, serial_shops,
          nicolae_square_shop, nrook_loot_triangle, uniq_prince_ribbit1,
          uniq_edmund, uniq_duvessa
D:6:      layout_basic, kennysheep_mini, zin_treasury

Skill      XL: |  1  2  3  4  5  6  7  8 |
---------------+-------------------------+-----
Spellcasting   | 3 4 5 |  5.3
Dodging        | 3 6 5 |  6.0
Hexes          | 1 2 3 4 5 |  5.0
Fighting       | 1 2 3 |  3.9
Summonings     | 5 6 |  6.2
Air Magic      | 1 2 |  2.9
Translocations | 3 2 |  3.2
Stealth        | |  2.6

Action                   |  1- 3 |  4- 6 |  7- 9 || total
-------------------------+-------+-------+-------++-------
Melee: Unarmed           |    17 |    45 |    12 ||    74
       Bite              |     2 |     5 |       ||     7
       Punch             |       |       |     1 ||     1
 Cast: Summon Small Mamm |    26 |     3 |     2 ||    31
       Call Imp          |    10 |    11 |     6 ||    27
       Call Canine Famil |     8 |    31 |    16 ||    55
       Summon Guardian G |       |       |     7 ||     7
Evoke: Wand              |       |     4 |     4 ||     8
  Use: Scroll            |     5 |     2 |     2 ||     9
       Potion            |       |       |     3 ||     3
 Stab: Sleeping          |     1 |       |       ||     1
       Distracted        |     1 |       |       ||     1
Armor: Skin              |     9 |    16 |    10 ||    35
Dodge: Dodged            |    45 |    64 |    22 ||   131
